 Dungeon Crawl Stone Soup version 0.29-a0-422-gafbd6decc1 (webtiles) character file.

Game seed: 12269529861352530998

46 Snarg the Insei (level 3, 0/23 HPs)
             Began as an Octopode Transmuter on May 18, 2022.
             Slain by a gnoll
             ... wielding a +0 flail
              (13 damage)
             ... on level 2 of the Dungeon.
             The game lasted 00:04:06 (1246 turns).

Snarg the Insei (Octopode Transmuter)               Turns: 1246, Time: 00:04:09

Health: 0/23       AC:  1    Str: 11    XL:     3   Next: 66%
Magic:  5/6        EV: 13    Int: 15    God:
Gold:   20         SH:  0    Dex: 12    Spells: 3/6 levels left

rFire   . . .      SeeInvis .     - Unarmed
rCold   . . .      Faith    .   (no shield)
rNeg    . . .      Spirit   .   (helmet restricted)
rPois   .          Reflect  .   (no amulet)
rElec   .          Harm     .   (no ring)
rCorr   .          Rampage  .   (no ring)
Will    .....                   (no ring)
Stlth   +++.......              (no ring)
HPRegen 0.07/turn               (no ring)
MPRegen 0.10/turn               (no ring)
                                (no ring)
                                (no ring)

@: wereblooded (expiring)
A: almost no armour, amphibious, 8 rings, camouflage 1, gelatinous body 1,
(nimble swimmer 1), tentacles
a: no special abilities


You were on level 2 of the Dungeon.
You visited 1 branch of the dungeon, and saw 2 of its levels.

You collected 20 gold pieces.

Inventory:

Missiles
 k - 12 stones (quivered)
 m - 3 javelins
Jewellery
 c - a ring of flight
Scrolls
 f - a scroll of teleportation {unknown}
 g - a scroll of magic mapping {unknown}
 h - a scroll of identify {unknown}
 i - a scroll of vulnerability {unknown}
 j - 3 scrolls of enchant armour {unknown}
Potions
 a - 2 potions of lignification
 b - 2 potions of attraction {unknown}
 d - a potion of flight {unknown}
 e - a potion of curing {unknown}
 l - 2 potions of heal wounds {unknown}


   Skills:
 * Level 1.4 Fighting
 + Level 2.3 Dodging
 + Level 2.1 Stealth
 + Level 3.5 Unarmed Combat
 - Level 2.0 Spellcasting
 + Level 2.3 Transmutations


You had 3 spell levels left.
You knew the following spells:

 Your Spells              Type           Power      Damage    Failure   Level
a - Beastly Appendage     Tmut           16%        N/A       9%          1
b - Wereblood             Tmut           8%         N/A       13%         2

Your spell library contained the following spells:

 Spells                   Type           Power      Damage    Failure   Level
 Spider Form              Tmut/Pois      5%         N/A       38%         3
 Ice Form                 Ice/Tmut       5%         N/A       80%         4
 Fireball                 Conj/Fire      0%         3d3       99%         5
 Starburst                Conj/Fire      0%         6d3       100%        6
 Ignition                 Fire           0%         3d3       100%        8


Dungeon Overview and Level Annotations

Branches:
Dungeon (2/15)

Altars:

Annotations:
D:1 clr


Innate Abilities, Weirdness & Mutations

You cannot wear most types of armour.
You are amphibious.
You can wear up to eight rings at the same time.
Your skin changes colour to match your surroundings (Stealth+).
Your rubbery body absorbs attacks. (AC +1, EV +1)
((You are camouflaged when in or above water. (Stealth+)))
You have tentacles for arms and can constrict up to eight enemies at once.


Message History

The rat is severely wounded.
Your transformation is almost over.
The rat barely misses you. The gnoll closely misses you.
You tentacle-slap the rat.
You feel a bit better.
You kill the rat!
The gnoll closely misses you. The adder bites you.
The adder attacks as you move away! The adder closely misses you.
You completely miss the adder. You grab the adder.
You pierce the adder.
Your squeeze misses the adder.
The adder is heavily wounded.
You constrict the adder. The adder misses you.
You barely miss the adder.
The adder is heavily wounded.
You constrict the adder. The adder completely misses you.
The gnoll closely misses you.
You tentacle-slap the adder but do no damage.
Your tentacle spike misses the adder.
The adder is severely wounded.
You constrict the adder.
You feel a bit better.
You kill the adder!
The gnoll closely misses you.
Okay, then.
Unknown command.
The gnoll barely misses you. The gnoll closely misses you.
You closely miss the gnoll. You grab the gnoll.
You pierce the gnoll.
The gnoll is moderately wounded.
You constrict the gnoll.
A bat comes into view.
The gnoll closely misses you. x2
You tentacle-slap the gnoll.
You pierce the gnoll.
You feel a bit better.
You kill the gnoll!
The gnoll misses you.
Your Stealth skill increases to level 2!
You closely miss the gnoll. You grab the gnoll.
Your tentacle spike disappears.
Your primal bloodlust is almost over.
You constrict the gnoll.
The gnoll hits you from afar with a +0 halberd.
The gnoll hits you with a +0 flail!
Ouch! That really hurt!
You die...

... #.# # #.# #.#
###.# .. ...#
#.##.### #.gb..#
#?##g#.# #@#.#
#.###.#.########
..................
######.##.########
#######.##.###
#............#
#.#####.##.#.#
#.##.#.# #.##.# #


You could see 2 gnolls and a bat.

Vanquished Creatures
  A gnoll (D:2)
  An adder (D:2)
  2 bats (D:1)
  3 endoplasms
  A giant cockroach (D:1)
  3 goblins
  4 hobgoblins
  3 kobolds
  4 ball pythons (D:1)
  4 frilled lizards (D:1)
  2 rats
28 creatures vanquished.

Notes
Turn   | Place    | Note
-------+----------+-------------------------------------------
     0 | D:1      | Snarg the Octopode Transmuter began the quest for the Orb.
     0 | D:1      | Reached XP level 1. HP: 13/13 MP: 3/3
   188 | D:1      | Reached XP level 2. HP: 17/18 MP: 3/5
   191 | D:1      | Learned a level 2 spell: Wereblood
   559 | D:1      | Reached skill level 1 in Stealth
  1147 | D:2      | Reached XP level 3. HP: 23/23 MP: 2/6
  1246 | D:2      | Slain by a gnoll

Illustrated notes

Levels and vault maps discovered:
D:1:      mrwooster_arrival_arrow, layout_loops_ring
D:2:      layout_loops_ring

Skill      XL: |  1  2  3 |
---------------+----------+-----
Stealth        | 1 2 |  2.1
Fighting       | |  1.4
Dodging        | |  2.3
Unarmed Combat | |  3.5
Spellcasting   | |  2.0
Transmutations | |  2.3

Action                   || total
-------------------------++-------
Melee: Unarmed           ||    54
       Kick              ||    18
       Tentacles         ||     7
       Constrict         ||    12
Throw: Stone             ||     2
 Cast: Beastly Appendage ||    21
       Wereblood         ||     2
 Stab: Sleeping          ||     6
Armor: Skin              ||     1
Dodge: Dodged            ||    32

Table legend: (Time is in decaauts)
 A = Elapsed time spent in this place.
 B = Non-inter-level travel time spent in this place.
 C = Inter-level travel time spent in this place.
 D = Time resting spent in this place.
 E = Time spent auto-exploring this place.
 F = Levels seen in this place.
 G = Mean time per level.
                   A        B        C        D        E       F      G
               +--------+--------+--------+--------+--------+-----+--------+
         Total |   1242 |   1180 |     62 |     22 |    932 |   2 |  621.0 |
       Dungeon |   1242 |   1180 |     62 |     22 |    932 |   2 |  621.0 |
               +--------+--------+--------+--------+--------+-----+--------+

Top non-repeatable levels by time:
     D:1: 1074 daAuts
     D:2: 168 daAuts
